 Dungeon Crawl Stone Soup version 0.25-a0-719-gde951dce62 (webtiles) character file.

Game seed: 12179909290157736161, levelgen mode: deterministic

9 Fukker the Grave Robber (level 2, 20/20 HPs)
             Began as a Demonspawn Wanderer on Apr 6, 2020.
             Quit the game on level 1 of the Dungeon.
             The game lasted 00:01:16 (418 turns).

Fukker the Grave Robber (Demonspawn Wanderer)        Turns: 418, Time: 00:01:16

Health: 20/20      AC:  2    Str: 10    XL:     2   Next: 6%
Magic:  0/3        EV: 11    Int: 13    God:
Gold:   43         SH:  0    Dex: 14    Spells: 2/3 levels left

rFire    . . .     SeeInvis .   a - +0 dagger
rCold    + . .     Gourm    .   (no shield)
rNeg     . . .     Faith    .   c - +0 robe
rPois    .         Spirit   .   (no helmet)
rElec    .         Reflect  .   (no cloak)
rCorr    .         Harm     .   (no gloves)
MR       .....                  (no boots)
Stlth    +.........             (no amulet)
HPRegen  0.06/turn              (no ring)
MPRegen  0.08/turn              (no ring)

@: very slightly contaminated
A: cold resistance 1
a: no special abilities


You were on level 1 of the Dungeon.
You were not hungry.

You visited 1 branch of the dungeon, and saw 1 of its levels.

You collected 43 gold pieces.

Inventory:

Hand Weapons
 a - a +0 dagger (weapon)
Armour
 c - a +0 robe (worn)
Potions
 b - a potion of brilliance {unknown}
Miscellaneous
 d - a phial of floods
Comestibles
 f - a ration


   Skills:
 + Level 0.3 Fighting
 + Level 0.8 Short Blades
   Level 1.0 Shields
 - Level 1.0 Spellcasting
   Level 2.0 Hexes
   Level 3.2 Necromancy
   Level 1.7 Translocations
 + Level 1.6 Evocations


You had 2 spell levels left.
You knew the following spells:

 Your Spells              Type           Power        Failure   Level  Hunger
a - Shock                 Conj/Air       #...         28%         1    ##.....

Your spell library contained the following spells:

 Spells                   Type           Power        Failure   Level  Hunger
 Conjure Flame            Conj/Fire      #.......     63%         3    ####...


Dungeon Overview and Level Annotations

Branches:
Dungeon (1/15)

Altars:


Innate Abilities, Weirdness & Mutations

Your flesh is cold resistant. (rC+)


Message History

Press: ? - help, Shift-Dir - straight line, f - hobgoblin
Aim: a hobgoblin The zap hits the hobgoblin.
The hobgoblin is lightly wounded.
Casting: Shock (safe; 28% risk of failure)
Confirm with . or Enter, or press ? or * to list all spells.
Aiming: Shock (safe; 28% risk of failure)
Press: ? - help, Shift-Dir - straight line, f/p - hobgoblin
Aim: a hobgoblin (lightly wounded)
The zap hits the hobgoblin but does no damage.
The hobgoblin is lightly wounded.
Casting: Shock (safe; 28% risk of failure)
Confirm with . or Enter, or press ? or * to list all spells.
Aiming: Shock (safe; 28% risk of failure)
Press: ? - help, Shift-Dir - straight line, f/p - hobgoblin
Aim: a hobgoblin (lightly wounded)
You miscast Shock.
You are very lightly contaminated with residual magic.
Strange energies run through your body.
Are you sure you want to abandon this character and quit the game? (Confirm with "yes".)

.. .. ##. . ..
..####.
.......#####.##
#..............
#g@#####.##
#..........
##.#####.## #.#
#####.# #>....#
#.##### #.####
#....#


You could see a hobgoblin.

Vanquished Creatures
  A dart slug (D:1)
  A bat (D:1)
  A giant cockroach (D:1)
  A goblin (D:1)
  2 hobgoblins (D:1)
6 creatures vanquished.

Notes
Turn   | Place    | Note
-------+----------+-------------------------------------------
     0 | D:1      | Fukker the Demonspawn Wanderer began the quest for the Orb.
     0 | D:1      | Fukker set off with the following items: a +0 dagger, a +0
                  | robe, a phial of floods, a ration; and the following spell
                  | memorised: Shock; and the following spells available to
                  | memorise: Conjure Flame
     0 | D:1      | Reached XP level 1. HP: 13/13 MP: 2/2
   152 | D:1      | Gained mutation: Your flesh is cold resistant. (rC+)
                  | [demonic ancestry]
   152 | D:1      | Reached XP level 2. HP: 6/20 MP: 1/3
   418 | D:1      | Quit the game

Levels and vault maps discovered:
D:1:      minmay_arrival_five_plusses, layout_loops_ring, solitary_fountain

Action                   || total
-------------------------++-------
Melee: Dagger            ||    30
 Cast: Shock             ||     5
Armor: Robe              ||     3
Dodge: Dodged            ||    18

Table legend:
 A = Non-vault XP
 B = Vault XP
 C = Vault XP percentage of total XP
 D = Non-vault monster count
 E = Vault monster count
 F = Vault count percentage of total count
                 A         B        C        D         E       F
            +---------+---------+-------+---------+---------+-------
      Total |      14 |       0 |   0.0 |       6 |       0 |   0.0
            +---------+---------+-------+---------+---------+-------
        D:1 |      14 |       0 |   0.0 |       6 |       0 |   0.0
            +---------+---------+-------+---------+---------+-------
